 Dungeon Crawl Stone Soup version 0.27-a0-54-g64bdb92e38 (webtiles) character file.

Game seed: 10793187477652716445

1873 jestyr24 the Thaumaturge (level 8, 0/41 HPs)
             Began as a Deep Elf Conjurer on Jan 7, 2021.
             Was an Initiate of Vehumet.
             Slain by an orc priest
             ... wielding a +0 flail
              (4 damage)
             ... on level 5 of the Dungeon.
             The game lasted 00:41:09 (6696 turns).

jestyr24 the Thaumaturge (Deep Elf Conjurer)        Turns: 6696, Time: 00:41:12

Health: 0/41       AC: 11    Str:  6    XL:     8   Next: 91%
Magic:  3/22       EV: 15    Int: 32    God:    Vehumet [......]
Gold:   284        SH:  0    Dex: 13    Spells: 19/29 levels left

rFire    + . .     SeeInvis .   b - +2 quarterstaff (chaos)
rCold    + + .     Faith    .   (shield currently unavailable)
rNeg     . . .     Spirit   .   y - +2 robe {rC+ rF+}
rPois    .         Reflect  .   h - +0 helmet
rElec    .         Harm     .   f - +2 cloak {Stlth+}
rCorr    .         Rampage  .   q - +0 pair of gloves
Will     .....                  e - +1 pair of boots
Stlth    +++.......             (no amulet)
HPRegen  0.13/turn              i - ring of wizardry
MPRegen  0.18/turn              j - +6 ring of intelligence

@: no status effects
A: cold resistance 1, low mp 1, strong 1
a: Renounce Religion


You were on level 5 of the Dungeon.
You worshipped Vehumet.
Vehumet was noncommittal.
You visited 2 branches of the dungeon, and saw 7 of its levels.
You also visited: Ossuary.

You collected 284 gold pieces.

Inventory:

Hand Weapons
 b - a +2 quarterstaff of chaos (weapon)
 n - a +1 dagger of draining
 A - a cursed +0 hunting sling
Missiles
 c - 145 stones
 g - 48 sling bullets
Armour
 e - a +1 pair of boots (worn)
 f - a +2 cloak of stealth (worn)
 h - a +0 helmet (worn)
 q - a +0 pair of gloves (worn)
 y - a +2 robe of resistance (worn)
Jewellery
 i - a ring of wizardry (left hand)
 j - a +6 ring of intelligence (right hand)
 z - an uncursed ring of wizardry
Wands
 d - a wand of paralysis (11)
 o - a wand of polymorph (4)
 v - a wand of acid (7)
 x - a wand of iceblast (18)
Scrolls
 a - a scroll of immolation
 k - 3 scrolls of fear
 l - a scroll of identify
 r - a scroll of enchant armour
 s - 3 scrolls of teleportation
 u - a scroll of blinking
Potions
 m - a potion of might
 p - 3 potions of curing
 t - a potion of attraction
 B - a potion of flight


   Skills:
 * Level 5.4 Dodging
 * Level 6.3 Stealth
 + Level 11.2 Spellcasting
 + Level 6.4 Conjurations
 * Level 3.1 Hexes


You had 19 spell levels left.
You knew the following spells:

 Your Spells              Type           Power        Failure   Level
a - Magic Dart            Conj           100%         1%          1
b - Searing Ray           Conj           100%         1%          2
c - Dazzling Flash        Conj/Hex       96%          1%          3
d - Fulminant Prism       Conj/Hex       24%          1%          4

Your spell library contained the following spells:

 Spells                   Type           Power        Failure   Level
 Iskenderun's Mystic Bla  Conj/Tloc      38%          2%          4


Dungeon Overview and Level Annotations

Branches:
Dungeon (6/15)             Temple (1/1) D:5         Ossuary (visited)

Altars:
Cheibriados
Dithmenos
Elyvilon
Gozag
Kikubaaqudgha
Makhleb
Nemelex Xobeh
Okawaru
Ru
Sif Muna
Trog
Vehumet
Wu Jian
Yredelemnul
Zin
The Shining One

Shops:
D:5 *

Annotations:
D:6 Duvessa


Innate Abilities, Weirdness & Mutations

Your flesh is cold resistant. (rC+)
Your magical capacity is low. (-10% MP)
Your muscles are strong. (Str +2)


Message History

The orc priest invokes the aid of Beogh against you.
You struggle to resist.
The orc priest barely misses you. The orc priest misses you.
There is a stone staircase leading up here.
The orc priest barely misses you.
The orc priest hits you but does no damage.
You climb upwards.
There is a stone staircase leading down here.
You completely miss the orc priest.
The orc priest is lightly wounded.
The orc priest hits you with a +0 flail!
* * * LOW HITPOINT WARNING * * *
Unknown command.
Evoke which item? (* to show all) (? for menu, Esc to quit)
Aiming: Paralyse
Press: ? - help, Shift-Dir - straight line, f - orc priest
Aim: an orc priest, wielding a +0 flail and wearing a +0 leather armour (lightly wounded, chance to affect: 46%)
The orc priest resists with some effort.
The orc priest hits you with a +0 flail.
You die...

..###............................
..# #.##############.....########
..# #.# #.##### #.# #.# #.# ..#
#.######### #.# ### #.........#
#.# # #########.# #.# #.######.#
#..o@....# ##########


You could see an orc priest.

Vanquished Creatures
  Pikel (D:4)
  Sigmund (D:4)
  Edmund (D:5)
  A sky beast (D:6)
  2 phantoms
  A centaur (D:5)
  An ogre (D:5)
  A lemure (D:4)
  A bullfrog (D:6)
  Dowan (D:6)
  3 wights (D:6)
  Crazy Yiuf (D:2)
  An iron imp (D:5)
  An iguana (D:4)
  Jessica (D:2)
  Ijyb (D:4)
  2 worker ants
  2 big kobold zombies (Ossuary)
  2 hound zombies (Ossuary)
  4 mummies (D:5)
  5 adders (D:3)
  4 gnolls
  A shadow imp (D:5)
  An ooze (D:6)
  2 adder zombies (Ossuary)
  A worm (D:3)
  A dart slug (D:1)
  4 leopard geckos
  7 orcs
  2 ball pythons
  4 giant cockroaches
  7 goblins
  11 hobgoblins
  10 jackals
  3 quokkas
  8 bats
  5 frilled lizards
  3 goblin skeletons (D:5)
  2 goblin zombies
  2 hobgoblin zombies (D:5)
  4 kobolds
  A kobold zombie (D:5)
  An orc skeleton (D:5)
  6 orc zombies
  A quokka skeleton (D:4)
  6 rats
131 creatures vanquished.

Vanquished Creatures (others)
  25 fulminant prisms
  5 fungi (D:2)
30 creatures vanquished.

Grand Total: 161 creatures vanquished

Notes
Turn   | Place    | Note
-------+----------+-------------------------------------------
     0 | D:1      | jestyr24 the Deep Elf Conjurer began the quest for the Orb.
     0 | D:1      | Reached XP level 1. HP: 10/10 MP: 6/6
   275 | D:1      | Reached XP level 2. HP: 12/15 MP: 0/8
   480 | D:1      | Reached skill level 5 in Conjurations
   590 | D:1      | Learned a level 2 spell: Searing Ray
   703 | D:1      | Reached XP level 3. HP: 19/19 MP: 2/9
  1943 | D:2      | Found a runed translucent door.
  1944 | D:2      | Noticed Crazy Yiuf
  1953 | D:2      | Killed Crazy Yiuf
  1954 | D:2      | Reached XP level 4. HP: 24/24 MP: 9/11
  2201 | D:2      | Noticed Jessica
  2202 | D:2      | Killed Jessica
  2203 | D:2      | Reached skill level 4 in Spellcasting
  2765 | D:3      | Reached XP level 5. HP: 28/28 MP: 7/13
  3106 | D:3      | You fall into a shaft and drop 1 floor!
  3154 | D:3      | Reached skill level 5 in Spellcasting
  3674 | D:4      | Noticed Sigmund
  3696 | D:4      | Killed Sigmund
  3697 | D:4      | Reached skill level 6 in Spellcasting
  3697 | D:4      | Reached XP level 6. HP: 32/32 MP: 8/17
  3786 | D:4      | Reached skill level 7 in Spellcasting
  4023 | D:4      | Noticed Ijyb
  4032 | D:4      | Killed Ijyb
  4468 | D:4      | Noticed Pikel
  4482 | D:4      | Killed Pikel
  4483 | D:4      | Reached skill level 5 in Stealth
  4483 | D:4      | Reached skill level 9 in Spellcasting
  4483 | D:4      | Reached XP level 7. HP: 26/36 MP: 8/22
  4801 | D:5      | Entered Level 5 of the Dungeon
  4818 | D:5      | Noticed Edmund
  4833 | D:5      | Learned a level 3 spell: Dazzling Flash
  4838 | D:5      | Learned a level 4 spell: Fulminant Prism
  4858 | D:5      | Killed Edmund
  4859 | D:5      | Reached skill level 10 in Spellcasting
  4859 | D:5      | Reached XP level 8. HP: 41/41 MP: 8/24
  5163 | D:5      | Found a sand-covered staircase.
  5185 | Ossuary  | Entered an ossuary
  5192 | Ossuary  | Reached skill level 1 in Hexes
  5205 | Ossuary  | Gained mutation: Your flesh is cold resistant. (rC+)
                  | [potion of mutation]
  5205 | Ossuary  | Gained mutation: Your magical capacity is low. (-10% MP)
                  | [potion of mutation]
  5205 | Ossuary  | Gained mutation: Your muscles are strong. (Str +2) [potion
                  | of mutation]
  5211 | Ossuary  | HP: 1/41 [mummy (9)]
  5845 | D:5      | Found Tuedd's Lightly-Used Armoury.
  5886 | D:5      | Found a staircase to the Ecumenical Temple.
  5895 | Temple   | Entered the Ecumenical Temple
  6035 | Temple   | Became a worshipper of Vehumet
  6102 | D:5      | Found a glowing golden altar of the Shining One.
  6112 | D:5      | Reached skill level 5 in Dodging
  6521 | D:6      | Noticed Dowan
  6528 | D:6      | Killed Dowan
  6538 | D:6      | Reached skill level 11 in Spellcasting
  6538 | D:6      | Noticed Duvessa
  6696 | D:5      | Slain by an orc priest

Illustrated notes

Levels and vault maps discovered:
D:1:      ncdulo_halloftheorcs, layout_loops_ring
D:2:      lemuel_upstairs_altar, layout_basic, kennysheep_generic_room_6,
          uniq_crazy_yiuf_cottage, uniq_jessica
D:3:      layout_loops_ring, minmay_misc_feat_hallway
D:4:      layout_gridville, serial_forest, infiniplex_forest_corner_1,
          infiniplex_forest_lined_3_way, infiniplex_forest_clump_tiny,
          infiniplex_forest_clump_diagonal, infiniplex_forest_end_1, uniq_pikel,
          uniq_sigmund, uniq_ijyb
D:5:      layout_loops_ring, minmay_temple_entry_antechambers,
          nicolae_ossuary_entry_false_entrances, minmay_shop_damaged,
          nicolae_tso_besieged_by_evil, uniq_edmund
D:6:      layout_gridville, uniq_duvessa
Temple:   roderic_octagonal_lattice_temple

Skill      XL: |  1  2  3  4  5  6  7  8 |
---------------+-------------------------+-----
Conjurations   | 5 6 |  6.4
Stealth        | 3 4 5 6 |  6.3
Spellcasting   | 4 6 9 10 11 | 11.2
Dodging        | 3 4 5 |  5.4
Hexes          | 3 |  3.1

Action                   |  1- 3 |  4- 6 |  7- 9 || total
-------------------------+-------+-------+-------++-------
Melee: Dagger            |    25 |       |       ||    25
       Quarterstaff      |       |     4 |    20 ||    24
 Cast: Magic Dart        |    48 |    71 |    24 ||   143
       Searing Ray       |     8 |    12 |    12 ||    32
       Fulminant Prism   |       |       |    25 ||    25
Evoke: Wand              |       |       |     2 ||     2
  Use: Scroll            |     2 |     7 |     3 ||    12
       Potion            |     3 |       |     8 ||    11
Armor: Robe              |     1 |       |     4 ||     5
       Leather armour    |    10 |     3 |    23 ||    36
Dodge: Dodged            |    12 |    13 |    60 ||    85

Table legend: (Time is in decaauts)
 A = Elapsed time spent in this place.
 B = Non-inter-level travel time spent in this place.
 C = Inter-level travel time spent in this place.
 D = Time resting spent in this place.
 E = Time spent auto-exploring this place.
 F = Levels seen in this place.
 G = Mean time per level.
                   A        B        C        D        E       F      G
               +--------+--------+--------+--------+--------+-----+--------+
         Total |   6706 |   6392 |    314 |   1364 |   3628 |   8 |  838.2 |
       Dungeon |   6516 |   6219 |    297 |   1364 |   3492 |   6 | 1086.0 |
        Temple |    158 |    141 |     17 |      0 |    136 |   1 |  158.0 |
       Ossuary |     30 |     30 |      0 |      0 |      0 |   1 |   30.0 |
               +--------+--------+--------+--------+--------+-----+--------+

Top non-repeatable levels by time:
     D:5: 1612 daAuts
     D:2: 1453 daAuts
     D:4: 1282 daAuts
     D:1: 1132 daAuts
     D:3: 935 daAuts
  Temple: 158 daAuts
     D:6: 100 daAuts
 Ossuary: 30 daAuts
